 Dungeon Crawl Stone Soup version 0.27-a0-242-ge0fc76b88b (webtiles) character file.

Game seed: 13676159855934386014

32 Borgoz the Ducker (level 3, -1/30 HPs)
             Began as a Ghoul Gladiator on Feb 2, 2021.
             Slain by an adder (5 damage)
             ... on level 2 of the Dungeon.
             The game lasted 00:00:54 (503 turns).

Borgoz the Ducker (Ghoul Gladiator)                  Turns: 503, Time: 00:00:54

Health: -1/30      AC:  4    Str: 17    XL:     3   Next: 27%
Magic:  2/2        EV: 12    Int:  3    God:
Gold:   8          SH:  0    Dex: 11    Spells: 2/2 levels left

rFire    . . .     SeeInvis .   a - +1 long sword
rCold    + . .     Faith    .   (no shield)
rNeg     + + +     Spirit   .   b - +0 leather armour
rPois    ∞         Reflect  .   c - +0 helmet
rElec    .         Harm     .   (no cloak)
rCorr    .         Rampage  .   (no gloves)
Will     .....                  (no boots)
Stlth    +.........             (no amulet)
HPRegen  0.00/turn              (no ring)
MPRegen  0.08/turn              (no ring)

@: no status effects
A: claws 1, cold resistance 1, negative energy resistance 3, inhibited
regeneration, torment resistance, unbreathing
a: no special abilities


You were on level 2 of the Dungeon.
You visited 1 branch of the dungeon, and saw 2 of its levels.

You collected 8 gold pieces.

Inventory:

Hand Weapons
 a - a +1 long sword (weapon)
Missiles
 d - 3 throwing nets (quivered)
Armour
 b - a +0 leather armour (worn)
 c - a +0 helmet (worn)


   Skills:
 + Level 2.5 Fighting
 * Level 3.1 Long Blades
 - Level 1.7 Throwing
 + Level 1.0 Armour
 * Level 3.1 Dodging


You had 2 spell levels left.
You didn't know any spells.
Your spell library was empty.

Dungeon Overview and Level Annotations

Branches:
Dungeon (1/15)

Altars:


Innate Abilities, Weirdness & Mutations

You thrive by killing the living.
You are immune to poison.
You have sharp fingernails.
Your flesh is cold resistant. (rC+)
You are immune to negative energy. (rN+++)
You do not regenerate when monsters are visible.
You are immune to unholy pain and torment.
You can survive without breathing.


Message History

Your Dodging skill increases to level 3!
You have reached level 3!
Your experience leads to an increase in your attributes!
Increase (S)trength, (I)ntelligence, or (D)exterity?
You feel agile.
You closely miss the adder.
The adder is lightly wounded.
The adder bites you.
* * * LOW HITPOINT WARNING * * *
You slash the adder!
The adder is almost dead.
The adder barely misses you.
You riposte.
You hit the adder.
You kill the adder!
You feel better. The adder misses you.
You riposte.
You hit the adder.
The adder is moderately wounded.
Your Armour skill increases to level 1!
You barely miss the adder.
The adder is moderately wounded.
The adder bites you.
You die...

#........##.#
#...........#
#...........#
#........###
#......."#
#....w.w.#
###....#r#
#....#S#
#....#@#
#....#.#
+......#
#....###
#####


You could see a worm, an adder and a quokka.

Vanquished Creatures
  2 adders (D:2)
  2 bats (D:1)
  2 giant cockroaches (D:1)
  3 goblins (D:1)
  2 hobgoblins (D:1)
  A kobold (D:1)
  A frilled lizard (D:1)
13 creatures vanquished.

Notes
Turn   | Place    | Note
-------+----------+-------------------------------------------
     0 | D:1      | Borgoz the Ghoul Gladiator began the quest for the Orb.
     0 | D:1      | Reached XP level 1. HP: 17/17 MP: 0/0
   170 | D:1      | Reached XP level 2. HP: 24/24 MP: 1/1
   485 | D:1      | You fall into a shaft and drop 1 floor!
   501 | D:2      | Reached XP level 3. HP: 4/30 MP: 2/2
   501 | D:2      | HP: 1/30 [adder (3)]
   503 | D:2      | Reached skill level 1 in Armour
   503 | D:2      | Slain by an adder

Illustrated notes

Levels and vault maps discovered:
D:1:      dpeg_arrival_fog, layout_basic, palyth_stone_intersect
D:2:      layout_basic, tso_altar

Skill      XL: |  1  2  3 |
---------------+----------+-----
Long Blades    | 3 |  3.1
Dodging        | 3 |  3.1
Armour         | 1 |  1.0
Fighting       | |  2.5
Throwing       | |  1.7

Action                   || total
-------------------------++-------
Melee: Long sword        ||    42
  Use: Scroll            ||     3
Armor: Leather armour    ||    12
Dodge: Dodged            ||    29
       Rpst.: Long sword ||    13

Table legend: (Time is in decaauts)
 A = Elapsed time spent in this place.
 B = Non-inter-level travel time spent in this place.
 C = Inter-level travel time spent in this place.
 D = Time resting spent in this place.
 E = Time spent auto-exploring this place.
 F = Levels seen in this place.
 G = Mean time per level.
                   A        B        C        D        E       F      G
               +--------+--------+--------+--------+--------+-----+--------+
         Total |    513 |    513 |      0 |    117 |    306 |   2 |  256.5 |
       Dungeon |    513 |    513 |      0 |    117 |    306 |   2 |  256.5 |
               +--------+--------+--------+--------+--------+-----+--------+

Top non-repeatable levels by time:
     D:1: 493 daAuts
     D:2: 19 daAuts
